 Dungeon Crawl Stone Soup version 0.23.2-30-g0e89c35649 (webtiles) character file.

Game seed: 18156360412816381325

38 Wauder the Charmwright (level 3, 0/28 HPs)
             Began as a Demonspawn Skald on June 20, 2019.
             Slain by Terence
             ... wielding a +2 hand axe of chopping
              (1 damage)
             ... on level 1 of the Dungeon.
             The game lasted 00:08:11 (1332 turns).

Wauder the Charmwright (Demonspawn Skald)           Turns: 1332, Time: 00:08:12

Health: 0/28       AC:  5    Str: 12    XL:     3   Next: 25%
Magic:  6/6        EV: 11    Int: 14    God:
Gold:   76         SH:  0    Dex: 12    Spells: 3/6 levels left

rFire    . . .     SeeInvis .   a - +0 mace
rCold    . . .     Gourm    .   (no shield)
rNeg     . . .     Faith    .   h - +0 ring mail
rPois    .         Spirit   .   (no helmet)
rElec    .         Reflect  .   (no cloak)
rCorr    .         Harm     .   (no gloves)
MR       .....                  (no boots)
Stlth    +.........             (no amulet)
HPRegen  0.09/turn              (no ring)
MPRegen  0.10/turn              (no ring)

@: no status effects
A: sturdy frame 1
a: no special abilities


You were on level 1 of the Dungeon.
You were hungry.

You visited 1 branch of the dungeon, and saw 2 of its levels.

You collected 76 gold pieces.

Inventory:

Hand Weapons
 a - a +0 mace (weapon)
Missiles
 f - 10 stones (quivered)
 j - 20 poisoned needles
 l - 24 arrows
 n - 23 bolts
Armour
 b - a +0 leather armour
 h - a +0 ring mail (worn)
   (You found it on level 1 of the Dungeon)
 i - a +0 plate armour
   (You found it on level 1 of the Dungeon)
Jewellery
 k - an uncursed ring of protection from fire {unknown}
   (You found it on level 1 of the Dungeon)
Scrolls
 c - a scroll of teleportation {unknown}
 d - 5 scrolls of identify {unknown}
 o - a scroll of immolation {unknown}
Potions
 g - a potion of haste {unknown}
 m - 2 potions of brilliance {unknown}
Comestibles
 e - a ration {!d}
 p - a chunk of flesh


   Skills:
 * Level 2.8 Fighting
 + Level 2.1 Maces & Flails
 - Level 0.8 Armour
 + Level 2.1 Dodging
 - Level 2.0 Spellcasting
 + Level 3.0 Charms


You had 3 spell levels left.
You knew the following spells:

 Your Spells              Type           Power        Failure   Level  Hunger
a - Infusion              Chrm           #...         11%         1    ##.....
w - Song of Slaying       Chrm           #.......     16%         2    ###....

Your spell library contained the following spells:

 Spells                   Type           Power        Failure   Level  Hunger
 Shroud of Golubria       Chrm/Tloc      #.........   28%         2    ###....
 Regeneration             Chrm/Necr      #.........   50%         3    ####...
 Spectral Weapon          Hex/Chrm       #.......     50%         3    ####...


Dungeon Overview and Level Annotations

Branches:
Dungeon (2/15)

Altars:

Annotations:
D:1 Terence


Innate Abilities, Weirdness & Mutations

Your movements are slightly less encumbered by armour. (ER -2)


Message History

f - 10 stones (gained 1)
Found 6 gold pieces.
You now have 76 gold pieces (gained 6).
Done exploring.
(D) Dungeon
Where to? (? - help)
You see here a hobgoblin skeleton.
You see here a +0 dagger.
There is an open door here.
You see here a hand axe.
You see here a rat skeleton.
There is an open door here.
You see here a cursed -1 club.
There is a stone staircase leading down here.
You climb downwards.
Level annotation: Terence Terence closely misses you.
Terence is too close now for your liking.
There is a stone staircase leading up here.
Terence says, "Time to say good-bye..."
Terence hits you with a +2 hand axe of chopping.
You climb upwards.
There is a stone staircase leading down here.
You hit Terence.
Terence hits you with a +2 hand axe of chopping!
You closely miss Terence. Terence barely misses you.
You barely miss Terence. Terence barely misses you.
You are feeling hungry.
You thump Terence! Terence barely misses you.
Terence hits you but does no damage.
You hit Terence.
Terence hits you with a +2 hand axe of chopping.
* * * LOW HITPOINT WARNING * * *
* * * LOW HITPOINT WARNING * * *
You hit Terence but do no damage.
Terence hits you with a +2 hand axe of chopping.
* * * LOW HITPOINT WARNING * * *
* * * LOW HITPOINT WARNING * * *
You hit Terence but do no damage.
Terence hits you with a +2 hand axe of chopping.
* * * LOW HITPOINT WARNING * * *
* * * LOW HITPOINT WARNING * * *
You barely miss Terence.
Terence hits you with a +2 hand axe of chopping.
* * * LOW HITPOINT WARNING * * *
* * * LOW HITPOINT WARNING * * *
You barely miss Terence.
Terence hits you with a +2 hand axe of chopping.
* * * LOW HITPOINT WARNING * * *
You die...

#.# ##.#.##..#........#.. #.#
#...##..#........#.. #.#
##..##..#........#.. ####'###
#..##..#........#.+
#####......####..##..#........#..
.รท.........#.........#........#..
###........#.........#........#..
# #...######...@.....#######)##..
# #...# #....@............)..+ #
#...# #........#........###. #
#...# #........#........# ## #
#...# ##########........# # #...#
#........# # #...# #........# #
##### #........# # ##########


You could see Terence.

Vanquished Creatures
  An ooze (D:1)
  3 dart slugs (D:1)
  A giant cockroach (D:1)
  3 hobgoblins (D:1)
  5 kobolds (D:1)
  4 bats (D:1)
  4 frilled lizards (D:1)
  5 goblins (D:1)
  3 rats (D:1)
29 creatures vanquished.

Notes
Turn   | Place    | Note
-------+----------+-------------------------------------------
     0 | D:1      | Wauder the Demonspawn Skald began the quest for the Orb.
     0 | D:1      | Reached XP level 1. HP: 16/16 MP: 3/3
   343 | D:1      | Gained mutation: Your movements are slightly less
                  | encumbered by armour. (ER -2) [demonic ancestry]
   343 | D:1      | Reached XP level 2. HP: 19/22 MP: 5/5
   368 | D:1      | Learned a level 2 spell: Song of Slaying
   629 | D:2      | Noticed Terence
   800 | D:1      | Reached XP level 3. HP: 16/28 MP: 4/6
   997 | D:1      | Reached skill level 3 in Charms
  1332 | D:1      | HP: 1/28 [Terence/+2 hand axe of chopping (2)]
  1332 | D:1      | Slain by Terence

Skill      XL: |  1  2  3 |
---------------+----------+-----
Dodging        | 2 |  2.1
Maces & Flails | 2 |  2.1
Charms         | 3 |  3.0
Fighting       | |  2.8
Armour         | |  0.8
Spellcasting   | |  2.0

Action                   || total
-------------------------++-------
Melee: Mace              ||    86
Throw: Stone             ||    29
 Cast: Song of Slaying   ||     1
  Eat: Chunk             ||     1
Armor: Leather armour    ||     2
       Ring mail         ||    26
Dodge: Dodged            ||    37
